Map: Kulas Ravine

Players

Myran

  • Race: Protoss Protoss
  • Spawn Location: 11:00

Scaramanga

  • Race: Terran Terran
  • Spawn Location: 1:00

dallaskuken - Winner!

  • Race: Protoss Protoss
  • League: Platinum
  • Spawn Location: 7:00

Loken - Winner!

  • Race: Zerg Zerg
  • League: Platinum
  • Spawn Location: 5:00

VOD

Have the link to the VOD?

Description

Time

  • Played on: March 15, 2017, 8:20 p.m.
  • Length: 9:06
Show
View Real Time Build Order
Export as new Build Order

Myran Protoss 

Build Orders:  

Get SALT Encoding   

  12  0:01  Probe (Chrono Boost)  
  13  0:19  Probe (Chrono Boost)  
  13  0:20  Pylon  
  14  0:30  Probe (Chrono Boost)  
  15  0:41  Probe (Chrono Boost)  
  15  0:42  Gateway  
  16  0:50  Assimilator  
  16  0:51  Probe (Chrono Boost)  
  17  1:02  Probe (Chrono Boost)  
  18  1:09  Assimilator  
  18  1:13  Probe (Chrono Boost)  
  19  1:23  Pylon, Probe (Chrono Boost)  
  20  1:34  Probe (Chrono Boost)  
  21  1:44  Cybernetics Core  
  21  1:45  Pylon  
  21  1:51  Zealot  
  21  1:52  Probe (Chrono Boost)  
  24  2:02  Probe (Chrono Boost)  
  25  2:14  Probe (Chrono Boost)  
  26  2:24  Probe (Chrono Boost)  
  26  2:25  Stargate  
  26  2:29  Zealot  
  29  2:35  Probe (Chrono Boost)  
  30  2:43  Forge  
  30  2:45  Probe (Chrono Boost)  
  31  2:56  Probe (Chrono Boost)  
  31  2:57  Pylon  
  32  2:59  Zealot  
  32  3:02  Void Ray  
  34  3:07  Probe (Chrono Boost)  
  39  3:19  Probe (Chrono Boost)  
  40  3:26  Photon Cannon  
  40  3:31  Probe (Chrono Boost)  
  41  3:40  Void Ray  
  41  3:43  Probe (Chrono Boost)  
  47  3:56  Probe (Chrono Boost)  
  47  4:16  Pylon  
  47  4:20  Pylon  
  47  4:28  Void Ray  
  47  4:34  Zealot  
  47  4:36  Probe (Chrono Boost)  
  50  4:48  Probe (Chrono Boost)  
  51  5:04  Photon Cannon  
  51  5:05  Pylon  
  51  5:06  Void Ray  
  45  5:49  Photon Cannon  
  41  5:52  Photon Cannon  
  39  6:16  Pylon  
  39  6:19  Pylon  
  22  8:18  Nexus  
  22  8:19  Pylon  
  22  8:44  Assimilator  
  22  8:48  Assimilator  
Show
View Real Time Build Order
Export as new Build Order

Scaramanga Terran 

Build Orders: MMM Bio 

Get SALT Encoding   

  12  0:01  SCV  
  13  0:13  SCV  
  14  0:19  Supply Depot  
  14  0:25  SCV  
  15  0:41  SCV  
  16  0:43  Barracks  
  16  0:47  Refinery  
  16  0:53  SCV  
  17  1:05  SCV  
  18  1:17  SCV  
  18  1:34  Barracks, Reaper  
  18  1:38  Barracks  
  19  1:40  Orbital Command  
  19  2:06  Reaper  
  19  2:08  SCV  
  21  2:11  Supply Depot  
  21  2:20  SCV  
  21  2:21  Reaper  
  23  2:32  SCV, Reaper  
  25  2:42  Command Center  
  25  2:47  Reaper  
  25  2:48  SCV  
  27  3:00  SCV  
  28  3:06  Refinery  
  28  3:07  Supply Depot  
  28  3:19  SCV  
  29  3:23  Supply Depot  
  29  3:27  Factory, Supply Depot  
  29  3:31  SCV  
  29  3:32  Barracks Tech Lab  
  26  3:56  SCV  
  26  3:57  Orbital Command  
  26  3:58  Marauder, Marine  
  26  3:59  Concussive Shells  
  26  4:00  Marine  
  30  4:11  Hellion  
  30  4:16  Marine  
  33  4:18  Marine  
  33  4:21  SCV  
  33  4:22  SCV  
  33  4:23  Marauder  
  38  4:36  Marine  
  40  4:42  Combat Shields  
  39  4:59  Hellion  
  36  5:10  SCV x2  
  36  5:11  Marauder  
  39  5:20  Hellion  
  41  5:24  Barracks  
  41  5:33  Marauder, Barracks  
  43  5:38  Orbital Command  
  43  5:41  Factory Tech Lab  
  43  5:42  Barracks  
  43  5:53  SCV  
  43  5:54  Marauder  
  46  6:00  Siege Tank  
  46  6:04  Stimpack  
  49  6:05  SCV  
  49  6:08  SCV  
  51  6:12  Marine  
  51  6:15  Marine  
  51  6:17  SCV  
  54  6:36  Marauder, SCV x2, Marine x2, Supply Depot  
  54  6:38  Supply Depot  
  60  6:48  SCV x2  
  62  6:58  Marauder, Marine x3, Siege Tank  
  70  7:01  Supply Depot  
  70  7:03  Supply Depot  
  70  7:15  Marine x2  
  70  7:16  Marine  
  70  7:18  SCV x2  
  70  7:20  Marauder  
  70  7:21  Refinery  
  70  7:22  Refinery  
  77  7:30  SCV x2, Siege Tank  
  82  7:42  SCV x2  
  84  7:49  Marine x2  
  84  7:51  Barracks Reactor  
  86  7:54  SCV  
  87  8:02  Siege Tank  
  62  8:27  SCV x2  
  62  8:28  Marauder, Marine x4  
  66  8:35  Starport  
  66  8:39  SCV x2  
  71  8:45  Marine  
  71  8:46  Marine x3  
  75  8:50  Command Center  
  75  8:51  SCV x2  
Show
View Real Time Build Order
Export as new Build Order

dallaskuken Protoss - Winner!

Build Orders:  

Get SALT Encoding   

  12  0:01  Probe (Chrono Boost)  
  13  0:16  Pylon  
  13  0:20  Probe (Chrono Boost)  
  14  0:30  Probe (Chrono Boost)  
  15  0:40  Gateway  
  15  0:46  Probe (Chrono Boost)  
  16  0:56  Probe (Chrono Boost)  
  17  1:07  Pylon, Probe (Chrono Boost)  
  18  1:16  Assimilator  
  18  1:21  Probe (Chrono Boost)  
  19  1:30  Cybernetics Core  
  19  1:33  Zealot  
  19  1:39  Probe (Chrono Boost)  
  22  1:49  Probe (Chrono Boost)  
  22  1:52  Warp Gate  
  23  2:00  Probe (Chrono Boost)  
  24  2:15  Assimilator  
  24  2:19  Pylon  
  24  2:43  Probe (Chrono Boost)  
  25  2:52  Gateway  
  25  2:53  Gateway  
  25  2:54  Gateway  
  25  3:07  Pylon  
  25  3:11  Probe (Chrono Boost)  
  26  3:23  Probe (Chrono Boost)  
  28  3:35  Probe (Chrono Boost)  
  28  3:36  Pylon  
  28  3:48  Probe (Chrono Boost)  
  29  3:58  Stalker x2  
  29  4:00  Zealot x2  
  37  4:14  Pylon  
  37  4:25  Stalker x3  
  37  4:26  Stalker  
  45  4:52  Stalker x4  
  43  5:47  Stalker x2  
  45  6:03  Stalker  
  45  6:04  Stalker  
  47  6:44  Stalker x3  
  53  7:29  Stalker  
  55  7:30  Stalker x3  
  61  7:53  Stalker  
  63  8:44  Nexus  
Show
View Real Time Build Order
Export as new Build Order

Loken Zerg - Winner!

Build Orders: Pool First 

Get SALT Encoding   

  12  0:01  Drone  
  13  0:13  Overlord  
  13  0:20  Drone  
  14  0:33  Drone x2  
  16  0:46  Spawning Pool  
  16  0:48  Drone  
  16  0:59  Drone x2  
  18  1:08  Extractor  
  17  1:25  Overlord  
  17  1:36  Drone, Roach Warren  
  17  1:37  Drone  
  18  1:42  Drone  
  19  1:51  Drone  
  20  1:59  Queen  
  22  2:17  Roach x2  
  22  2:18  Hatchery  
  22  2:22  Roach  
  27  2:34  Overlord  
  27  2:53  Roach  
  27  2:56  Ravager  
  30  3:02  Roach  
  32  3:11  Roach  
  34  3:15  Roach  
  34  3:17  Drone x2  
  34  3:19  Extractor  
  37  3:27  Overlord  
  37  3:29  Queen  
  39  3:36  Roach  
  39  3:37  Roach  
  37  4:03  Drone x6  
  43  4:13  Drone  
  43  4:14  Drone x3  
  47  4:38  Roach  
  47  4:39  Roach  
  47  4:40  Overlord  
  47  4:41  Overlord x2  
  49  5:19  Zergling x2  
  49  5:20  Zergling x10  
  50  5:24  Queen  
  50  5:27  Queen  
  54  5:50  Spore Crawler  
  54  5:54  Spore Crawler  
  52  5:59  Drone x4  
  52  6:00  Drone x5  
  61  6:28  Ravager  
  61  6:29  Ravager x7  
  69  6:42  Roach  
  69  6:43  Roach x2  
  69  6:46  Overlord x4  
  75  6:50  Extractor  
  75  6:52  Extractor  
  73  7:05  Lair  
  73  7:11  Evolution Chamber  
  73  7:13  Evolution Chamber  
  71  7:57  Roach  
  71  7:58  Roach x15  
  67  8:47  Drone x8  
  67  8:48  Drone x3  
Tags
 
Add a new tag
Caveats
  • Supply blocks, unpowered buildings, or Contaminate may cause inaccurate times.
  • Supply counts are checked every 10 seconds.